 Dungeon Crawl Stone Soup version 0.31-a0-986-g5e6e4ef867 (webtiles) character file.

Game seed: 6047544027886824212

182 gelatine the Sneak (level 5, -2/31 HPs)
             Began as a Kobold Brigand on Nov 9, 2023.
             Slain by a scorpion (4 damage)
             ... on level 4 of the Dungeon.
             The game lasted 00:08:06 (2823 turns).

gelatine the Sneak (Kobold Brigand)                 Turns: 2823, Time: 00:08:08

Health: -2/31      AC:  3    Str:  8    XL:     5   Next: 93%
Magic:  5/5        EV: 15    Int: 12    God:
Gold:   213        SH:  0    Dex: 19    Spells: 4/4 levels left

rFire   . . .        g - +1 dagger (speed)
rCold   . . .        (no shield)
rNeg    . . .        b - +0 robe
rPois   .            (no helmet)
rElec   .            c - +0 cloak
rCorr   .            (no gloves)
SInv    .            (no boots)
Will    ++...        o - amulet of regeneration
Stlth   +++++        p - ring of willpower
HPRegen 1.05/turn    (no ring)
MPRegen 0.09/turn

%: no passive effects
@: brilliant, lethally poisoned (-2 -> -3), enlightened, flying
A: small, no large weapons, nightstalker 3
a: no special abilities


You were on level 4 of the Dungeon.
You visited 1 branch of the dungeon, and saw 4 of its levels.

You collected 213 gold pieces.

Inventory:

Hand Weapons
 a - a +2 dagger
 g - a +1 dagger of speed (weapon)
Missiles
 d - 9 poisoned darts (quivered)
 e - 3 curare-tipped darts
Armour
 b - a +0 robe (worn)
 c - a +0 cloak (worn)
Jewellery
 o - an amulet of regeneration (around neck)
 p - a ring of willpower (left hand)
Talismans
 n - a beast talisman
Scrolls
 h - 4 scrolls of identify
 j - 3 scrolls of poison
 q - 2 scrolls of teleportation {unknown}


   Skills:
 * Level 2.6 Fighting
 * Level 4.4 Short Blades
 + Level 2.3 Throwing
 * Level 2.2 Dodging
 * Level 7.8 Stealth


You had 4 spell levels left.
You didn't know any spells.
Your spell library contained the following spells:

 Spells                   Type           Power      Damage    Failure   Level
 Magic Dart               Conj           0%         1d3       32%         1
 Searing Ray              Conj           0%         2d4       45%         2
 Fulminant Prism          Conj/Hex       0%         3d5       97%         4


Dungeon Overview and Level Annotations

Branches:
Dungeon (4/15)
 Temple: D:4-7

Altars:


Innate Abilities, Weirdness & Mutations

You are small and have problems with some larger weapons.
You are completely attuned to the shadows.


Message History

You hit the scorpion.
The scorpion is heavily wounded.
You feel sick. The scorpion stings you.
You hit the scorpion but do no damage.
The scorpion is heavily wounded.
You feel sick.
You hit the scorpion.
The scorpion is heavily wounded.
You feel sick. The scorpion closely misses you.
You hit the scorpion but do no damage.
The scorpion is heavily wounded.
You feel sick. The scorpion closely misses you.
You closely miss the scorpion.
The scorpion is heavily wounded.
You hit the scorpion.
The scorpion is severely wounded.
You feel sick. The scorpion stings you.
You are more poisoned.
The scorpion poisons you!
You closely miss the scorpion.
The scorpion is severely wounded.
You feel sick.
You barely miss the scorpion.
The scorpion is severely wounded.
You feel sick. The scorpion stings you.
* * * LOW HITPOINT WARNING * * *
You hit the scorpion but do no damage.
The scorpion is severely wounded.
You feel sick. The scorpion barely misses you.
You hit the scorpion but do no damage.
The scorpion is severely wounded.
You feel sick.
You aren't carrying any potions.
As you read the scroll labelled MIUVIM BEUN, it crumbles to dust.
Your body is wracked with pain!
* * * LOW HITPOINT WARNING * * *
The scorpion convulses!
It was a scroll of torment.
* * * LOW HITPOINT WARNING * * *
You feel sick. The scorpion stings you.
You die...

#.# #.#
#.# #.#
####<#
....@#
####s####
#.....
#.####
..# ####


You could see a scorpion.

Vanquished Creatures
  A scorpion (D:3)
  4 adders (D:2)
  2 worms
  3 dart slugs
  2 orcs (D:3)
  6 ball pythons
  9 bats
  8 endoplasms
  3 giant cockroaches
  2 goblins
  9 hobgoblins
  9 kobolds
  3 quokkas
  2 frilled lizards (D:3)
  10 rats
73 creatures vanquished.

Notes
Turn   | Place    | Note
-------+----------+-------------------------------------------
     0 | D:1      | gelatine the Kobold Brigand began the quest for the Orb.
     0 | D:1      | Reached XP level 1. HP: 12/12 MP: 1/1
   145 | D:1      | Reached XP level 2. HP: 11/17 MP: 2/2
   286 | D:1      | Reached skill level 6 in Stealth
   342 | D:1      | Reached XP level 3. HP: 21/21 MP: 3/3
   415 | D:1      | You fall into a shaft and drop 1 floor!
   765 | D:2      | Reached XP level 4. HP: 26/26 MP: 4/4
  1603 | D:1      | Reached skill level 7 in Stealth
  1687 | D:1      | Found a faded altar of an unknown god.
  1922 | D:3      | Noticed a scorpion
  1937 | D:2      | Reached XP level 5. HP: 31/31 MP: 5/5
  2823 | D:4      | Slain by a scorpion

Illustrated notes

Levels and vault maps discovered:
D:1:      eino_arrival_water_star, layout_basic,
          shapermc_ecumenical_altar_mp_vishouse, serial_park_tiny_pond
D:2:      layout_basic, kennysheep_path_1, minmay_goblin_kobold_house
D:3:      layout_basic
D:4:      layout_loops_ring, minmay_small_thing, uniq_sigmund

Skill      XL: |  1  2  3  4  5 |
---------------+----------------+-----
Stealth        | 6 7 |  7.8
Short Blades   | 3 4 |  4.4
Dodging        | 2 |  2.2
Fighting       | |  2.6
Throwing       | |  2.3

Action                     |  1- 3 |  4- 6 || total
---------------------------+-------+-------++-------
  Melee: Dagger            |    93 |   133 ||   226
         Punch             |       |     1 ||     1
  Throw: Dart              |       |     3 ||     3
    Use: Potion            |       |     5 ||     5
         Scroll            |       |     3 ||     3
   Stab: Sleeping          |    14 |    24 ||    38
         Distracted        |       |     2 ||     2
 Armour: Robe              |    15 |    37 ||    52
  Dodge: Dodged            |    42 |    43 ||    85

Table legend: (Time is in decaauts)
 A = Elapsed time spent in this place.
 B = Non-inter-level travel time spent in this place.
 C = Inter-level travel time spent in this place.
 D = Time resting spent in this place.
 E = Time spent auto-exploring this place.
 F = Levels seen in this place.
 G = Mean time per level.
                   A        B        C        D        E       F      G
               +--------+--------+--------+--------+--------+-----+--------+
         Total |   2721 |   2612 |    109 |      0 |   2068 |   4 |  680.2 |
       Dungeon |   2721 |   2612 |    109 |      0 |   2068 |   4 |  680.2 |
               +--------+--------+--------+--------+--------+-----+--------+

Top non-repeatable levels by time:
     D:2: 1068 daAuts
     D:3: 972 daAuts
     D:1: 655 daAuts
     D:4: 24 daAuts
